 Dungeon Crawl Stone Soup version 0.32-a0-996-gb3226c233f (webtiles) character file.

Game seed: 11169493237188303633

711 ohnonotagain the Digger (level 7, -2/50 HPs)
             Began as a Mountain Dwarf Earth Elementalist on Apr 23, 2024.
             Was an Initiate of Vehumet.
             Slain by Robin
             ... wielding a +0 falchion
              (4 damage)
             ... on level 4 of the Dungeon.
             The game lasted 00:15:57 (3561 turns).

ohnonotagain the Digger (MDEE)                      Turns: 3561, Time: 00:15:57

Health: -2/50      AC:  5    Str: 11    XL:     7   Next: 40%
Magic:  10/10      EV: 10    Int: 17    God:    Vehumet [......]
Gold:   168        SH:  0    Dex: 10    Spells: 6/10 levels left

rFire   + . .        a - staff of conjuration
rCold   + . .        (no shield)
rNeg    . . .        n - +2 robe {rC+ rF+}
rPois   .            k - +0 helmet
rElec   .            (no cloak)
rCorr   .            (no gloves)
SInv    .            (no boots)
Will    .....        (no amulet)
Stlth   ++           (no ring)
HPRegen 0.28/turn    (no ring)
MPRegen 0.12/turn

%: no passive effects
@: no status effects
A: runic magic, artefact enchanting
a: Renounce Religion


You were on level 4 of the Dungeon.
You worshipped Vehumet.
Vehumet was noncommittal.
You visited 1 branch of the dungeon, and saw 4 of its levels.

You collected 168 gold pieces.

Inventory:

Hand Weapons
 b - a +2 dagger of electrocution
 w - a +0 sling
Missiles
 c - 2 poisoned darts
 i - 3 boomerangs (quivered)
Armour
 k - a +0 helmet (worn)
 n - a +2 robe of resistance (worn)
Magical Staves
 a - a staff of conjuration (weapon)
 g - a staff of alchemy
Scrolls
 e - 3 scrolls of identify
 m - a scroll of revelation {unknown}
 o - a scroll of acquirement {unknown}
 p - a scroll of fear {unknown}
Potions
 d - 2 potions of might
 f - a potion of curing {unknown}
 h - a potion of berserk rage {unknown}
 j - a potion of invisibility {unknown}
 l - a potion of magic


   Skills:
 - Level 1.3 Dodging
 - Level 1.4 Stealth
 - Level 2.2 Spellcasting
 + Level 5.1 Conjurations
 + Level 7.0 Earth Magic


You had 6 spell levels left.
You knew the following spells:

 Your Spells              Type           Power      Damage    Failure   Level
a - Sandblast             Erth           50%        2d12      1%          1
b - Stone Arrow           Conj/Erth      66%        3d11      4%          3

Your spell library contained the following spells:

 Spells                   Type           Power      Damage    Failure   Level
 Passwall                 Erth           25%        N/A       3%          3
 Brom's Barrelling Bould  Conj/Erth      33%        2d5       16%         4
 Jinxbite                 Hex            2%         N/A       28%         2
 Petrify                  Alch/Erth      13%        N/A       41%         4
 Yara's Violent Unravell  Hex/Alch       0%         3d3       99%         5
 Enfeeble                 Hex            0%         N/A       100%        7


Dungeon Overview and Level Annotations

Branches:
Dungeon (4/15)
 Temple: D:4-7

Altars:
Vehumet

Shops:
D:4 :

Annotations:
D:3 1 runed translucent door, PaleRider's ghost, amateur GnWr
D:4 Robin


Innate Abilities, Weirdness & Mutations

Your spellcasting is much less encumbered by armour.
You can use scrolls of enchantment on lesser artefacts.


Message History

The hobgoblin closely misses you. The goblin hits you but does no damage.
Robin barely misses you.
A goblin comes into view. It is wielding a +0 club.
The hobgoblin hits you. The goblin hits you with a +0 dagger.
The hobgoblin closely misses you. The goblin closely misses you.
The hobgoblin barely misses you. The goblin hits you but does no damage.
The hobgoblin misses you. The goblin hits you with a +0 dagger.
The goblin no longer looks unusually strong. x2
The hobgoblin closely misses you. The goblin barely misses you.
Robin hits you with a +0 falchion. The hobgoblin closely misses you.
The goblin hits you but does no damage. The hobgoblin closely misses you.
Robin's horned helmet rattles.
The goblin hits you with a +0 dagger. Robin barely misses you.
The hobgoblin hits you.
* * * LOW HITPOINT WARNING * * *
The goblin hits you with a +0 dagger.
* * * LOW HITPOINT WARNING * * *
Robin points. "Kill!"
The hobgoblin hits you.
* * * LOW HITPOINT WARNING * * *
The goblin hits you with a +0 dagger.
* * * LOW HITPOINT WARNING * * *
The goblin no longer looks unusually strong.
The hobgoblin no longer looks unusually strong.
Robin roars a battlecry!
The goblins go into a battle-frenzy!
The hobgoblin barely misses you. The goblin barely misses you.
The goblin no longer looks unusually strong.
The hobgoblin closely misses you. The goblin hits you but does no damage.
The hobgoblin hits you.
* * * LOW HITPOINT WARNING * * *
The goblin barely misses you. Robin hits you but does no damage.
The hobgoblin hits you.
* * * LOW HITPOINT WARNING * * *
The goblin hits you with a +0 dagger.
* * * LOW HITPOINT WARNING * * *
Robin hits you with a +0 falchion.
You die...
Robin calls out, "Let's celebrate!
Time for a feast!"

#.##.......#
#...~~~$..#
#.#..##.....##
###.~~~~♣..
#.....#÷..#...#
#..~...##
#....#.###..#
#♣P~.♣♣# #.##<#.#
#>.# ##.#. # #.#.##
#.##### #.##....#
....$ .
#.......######.# .##
#####.g@#......##...
##gg#..........
#ggg..........
#.gg......##
#.........#
###........#
#..s..†..∩.#
..s...†.###.....#
#..#....# #...♣.$P#


You could see a scorpion, Robin, 2 hobgoblins and 5 goblins.

Vanquished Creatures
  Grinder (D:3)
  Sigmund (D:3)
  An ogre (D:3)
  A scorpion (D:4)
  A quasit (D:4)
  An iguana (D:4)
  5 adders
  2 shadow imps (D:4)
  2 white imps (D:4)
  A dart slug (D:1)
  2 ribbon worms (D:3)
  4 orcs (D:4)
  6 ball pythons
  6 endoplasms
  A giant cockroach (D:1)
  7 goblins
  6 hobgoblins
  3 jackals (D:1)
  7 kobolds
  2 quokkas (D:2)
  5 bats
  3 frilled lizards
  6 rats
74 creatures vanquished.

Notes
Turn   | Place    | Note
-------+----------+-------------------------------------------
     0 | D:1      | ohnonotagain the Mountain Dwarf Earth Elementalist began
                  | the quest for the Orb.
     0 | D:1      | Reached XP level 1. HP: 14/14 MP: 3/3
    23 | D:1      | Reached skill level 1 in Conjurations
   226 | D:1      | Reached XP level 2. HP: 20/20 MP: 3/5
  1099 | D:2      | Reached XP level 3. HP: 26/26 MP: 4/6
  1125 | D:2      | Learned a level 3 spell: Stone Arrow
  1286 | D:2      | Reached skill level 4 in Earth Magic
  1599 | D:2      | Reached XP level 4. HP: 33/33 MP: 3/7
  1995 | D:3      | Noticed an ogre
  2196 | D:3      | Noticed Sigmund
  2202 | D:3      | Killed Sigmund
  2203 | D:3      | Reached skill level 5 in Earth Magic
  2203 | D:3      | Reached XP level 5. HP: 16/38 MP: 1/8
  2300 | D:3      | Killed an ogre
  2301 | D:3      | Reached XP level 6. HP: 45/45 MP: 2/9
  2534 | D:3      | Noticed Grinder
  2554 | D:3      | Paralysed by Grinder for 2 turns
  2557 | D:3      | Killed Grinder
  2558 | D:3      | Reached skill level 6 in Earth Magic
  2558 | D:3      | Reached XP level 7. HP: 42/50 MP: 0/10
  2863 | D:3      | Found a radiant altar of Vehumet.
  2933 | D:3      | Found a runed translucent door.
  2964 | D:3      | Became a worshipper of Vehumet
  3007 | D:3      | Noticed PaleRider's ghost (amateur GnWr)
  3306 | D:4      | Reached skill level 5 in Conjurations
  3400 | D:4      | Reached skill level 7 in Earth Magic
  3433 | D:4      | Found Cipp's Book Shop.
  3468 | D:4      | Noticed Robin
  3560 | D:4      | HP: 2/50 [goblin/+0 dagger[Robin] (2)]
  3561 | D:4      | Slain by Robin

Illustrated notes

Levels and vault maps discovered:
D:1:      dpeg_arrival_long_road, layout_loops_ring, minmay_stone_trees_small
D:2:      layout_basic, item_on_display_a
D:3:      layout_loops_ring, mainiacjoe_overflow_alcove_2,
          gammafunk_ghost_grave, uniq_sigmund, uniq_grinder
D:4:      layout_rooms, serial_shops, shop, serial_demonic, serial_demonic_g,
          serial_demonic_e, serial_demonic_c, serial_demonic_f,
          serial_demonic_b, serial_demonic_a, serial_demonic_c,
          solitary_fountain, minmay_mini_ossuary, uniq_robin

Skill      XL: |  1  2  3  4  5  6  7 |
---------------+----------------------+-----
Conjurations   | 1 2 3 4 5 |  5.1
Spellcasting   | 2 |  2.2
Earth Magic    | 4 5 6 7 |  7.0
Dodging        | |  1.3
Stealth        | |  1.4

Action                     |  1- 3 |  4- 6 |  7- 9 || total
---------------------------+-------+-------+-------++-------
  Melee: Unarmed           |     6 |       |       ||     6
         Dagger            |    14 |       |     3 ||    17
         Staff             |    11 |     3 |     2 ||    16
  Throw: Dart              |     7 |       |       ||     7
         Boomerang         |       |     1 |     2 ||     3
   Cast: Sandblast         |    49 |    25 |    24 ||    98
         Stone Arrow       |       |     4 |     9 ||    13
    Use: Scroll            |       |     1 |       ||     1
 Armour: Robe              |    34 |     5 |    40 ||    79
  Dodge: Dodged            |    24 |     7 |    33 ||    64

Table legend: (Time is in decaauts)
 A = Elapsed time spent in this place.
 B = Non-inter-level travel time spent in this place.
 C = Inter-level travel time spent in this place.
 D = Time resting spent in this place.
 E = Time spent auto-exploring this place.
 F = Levels seen in this place.
 G = Mean time per level.
                   A        B        C        D        E       F      G
               +--------+--------+--------+--------+--------+-----+--------+
         Total |   3616 |   3432 |    184 |    434 |   2343 |   4 |  904.0 |
       Dungeon |   3616 |   3432 |    184 |    434 |   2343 |   4 |  904.0 |
               +--------+--------+--------+--------+--------+-----+--------+

Top non-repeatable levels by time:
     D:2: 1245 daAuts
     D:3: 1216 daAuts
     D:1: 876 daAuts
     D:4: 277 daAuts
